 Dungeon Sprint DCSS version 0.18-a0-270-ga9d907f (webtiles) character file.

80498 Kidiri the Imperceptible (level 14, -16/76 HPs)
             Began as a Spriggan Enchanter on Nov 26, 2015.
             Was the Champion of Dithmenos.
             Demolished by a titan (45 damage)
             ... in the Dungeon (Sprint III: "The Ten Rune Challenge").
             The game lasted 00:51:52 (9969 turns).

Kidiri the Imperceptible (Spriggan Enchanter)       Turns: 9969, Time: 00:51:52

Health: -16/76     AC:  4    Str:  7    XL:     14   Next: 83%
Magic:  19/36      EV: 36    Int: 21    God:    Dithmenos [******]
Gold:   6497       SH:  0    Dex: 19    Spells: 12 memorised, 5 levels left

rFire  . . .     SeeInvis +     x - +9 rapier of the Volcano {speed, rPois Int+3 Dex-2}
rCold  + . .     Clarity  +     I - +1 robe {rN+}
rNeg   + . .     SustAt   .     (shield restricted)
rPois  +         Gourm    .     h - +2 hat {MR+}
rElec  .         Spirit   .     (no cloak)
rCorr  .         Warding  .     (gloves unavailable)
rMut   .         NoTele   +     (boots unavailable)
MR     +++..                    (no amulet)
Stlth  ++++++++++               Q - ring of Dishonesty {-Tele rC+ Str+3 Dex+3}
                                (no ring)

@: wreathed by umbra, very quick, extremely resistant to hostile enchantments,
uncannily stealthy
A: unfitting armour, antennae 1, see invisible, blink, clarity, deformed body,
dopey 1, herbivore 3, speed 3, sense surroundings 1, slow metabolism 2, spit
poison 1
a: Spit Poison, Blink, Shadow Step, Shadow Form, Renounce Religion
}: 1/10 runes: serpentine


You were in the Dungeon.
You worshipped Dithmenos.
Dithmenos was exalted by your worship.
You were not hungry.

You visited 1 branch You collected 6907 gold pieces.
You spent 410 gold pieces at shops.

Inventory:

Hand Weapons
 i - a +0 dagger of holy wrath
 k - a +1 arbalest of flaming
 x - the +9 rapier of the Volcano (weapon) {speed, rPois Int+3 Dex-2}
   (You took it off a deep elf death mage in the Dungeon)

   Attacks with this weapon are significantly faster.
   It affects your intelligence (+3).
   It affects your dexterity (-2).
   It protects you from poison.
Armour
 h - a +2 hat of magic resistance (worn)
 I - a +1 robe of positive energy (worn)
Jewellery
 Q - the ring of Dishonesty (right hand) {-Tele rC+ Str+3 Dex+3}
   (You found it in the Dungeon)

   [ring of strength]

   It affects your strength (+3).
   It affects your dexterity (+3).
   It protects you from cold.
   It prevents most forms of teleportation.
Wands
 b - a wand of digging (10)
 D - a wand of enslavement (8)
Scrolls
 j - a scroll of identify
 m - a scroll of holy word
 n - a scroll of fog
 o - 2 scrolls of remove curse
 s - a scroll of torment
 u - 2 scrolls of silence
 v - 3 scrolls of amnesia
Potions
 d - a potion of agility
 e - 3 potions of curing
 f - a potion of haste
 g - 2 potions of might
 q - 3 potions of cure mutation
 r - 3 potions of flight
Books
 l - a book of Annihilations

   Spells                             Type                      Level
   a - Poison Arrow                   Conjuration/Poison           6
   b - Chain Lightning                Conjuration/Air              8
   c - Lehudib's Crystal Spear        Conjuration/Earth            8
   d - Glaciate                       Conjuration/Ice              9
   e - Fire Storm                     Conjuration/Fire             9
 L - a book of the Earth

   Spells                             Type                      Level
   a - Leda's Liquefaction            Hexes/Earth                  4
   b - Bolt of Magma                  Conjuration/Fire/Earth       5
   c - Statue Form                    Transmutation/Earth          6
   d - Iron Shot                      Conjuration/Earth            6
   e - Shatter                        Earth                        9
Miscellaneous
 a - a sack of spiders
Comestibles
 p - 29 royal jellies


   Skills:
 + Level 9.6 Fighting
 * Level 16.6 Short Blades
 + Level 8.8 Armour
 * Level 20.5 Dodging
 * Level 22.3 Stealth
 * Level 17.8 Spellcasting
 + Level 8.7 Conjurations
 + Level 13.6 Hexes
 + Level 14.4 Translocations
 + Level 13.5 Transmutations
 + Level 9.7 Ice Magic
 + Level 10.0 Earth Magic
 - Level 2.7 Invocations


You had 5 spell levels left.
You knew the following spells:

 Your Spells              Type           Power        Failure   Level  Hunger
a - Corona                Hex            ######.      0%          1    None
b - Ensorcelled Hibernat  Hex/Ice        ######       1%          2    None
c - Confuse               Hex            ######..     1%          3    None
d - Tukima's Dance        Hex            ######..     1%          3    None
e - Dazzling Spray        Conj/Hex       ######..     1%          3    None
f - Passwall              Trmt/Erth      ######....   1%          3    None
g - Passage of Golubria   Tloc           N/A          1%          4    None
h - Lee's Rapid Deconstr  Erth           ######....   1%          5    ##.....
i - Darkness              Hex            ######....   1%          6    ####...
j - Invisibility          Hex            ######..     1%          6    ####...
k - Stone Arrow           Conj/Erth      ######       1%          3    None
l - Petrify               Trmt/Erth      ######..     1%          4    None


Dungeon Overview and Level Annotations

Branches:
Dungeon (1/1)

Altars:
Cheibriados
Dithmenos
Elyvilon
Fedhas
Gozag
Kikubaaqudgha
Makhleb
Nemelex Xobeh
Okawaru
Qazlal
Ru
Sif Muna
Trog
Vehumet
Xom
Yredelemnul
Zin
The Shining One
Jiyva
Lugonu

Shops:
D !:([(}!?%(%![}=:}=}

Annotations:
D Mara


Innate Abilities, Weirdness & Mutations

You are tiny and cannot use many weapons and most armour.
You have supernaturally acute eyesight.
You are a herbivore.
You cover ground extremely quickly.
You need consume almost no food.
You have a pair of small antennae on your head.
You can translocate small distances at will.
You possess an exceptional clarity of mind.
Armour fits poorly on your strangely shaped body.
You are dopey. (Int -2)
You passively map a small area around you.
You can spit weak poison.


Message History

Casting: Dazzling Spray
Confirm with . or Enter, or press ? or * to list all spells.
Aiming: Dazzling Spray
Press: ? - help, Shift-Dir - straight line, f/p - titan
Aim: a titan (grey smoke, lightly wounded, umbra)
The spray of energy hits the titan.
The titan is lightly wounded.
Your shadow mimicks your spell!
The shadow shard hits the titan.
The titan hits you but does no damage.
Casting: Dazzling Spray
Confirm with . or Enter, or press ? or * to list all spells.
Aiming: Stone Arrow
Press: ? - help, Shift-Dir - straight line, f/p - titan
Aim: a titan (moderately wounded, umbra)
The stone arrow hits the titan.
The titan is moderately wounded.
Your shadow mimicks your spell!
The shadow shard hits the titan.
The titan hits you!!!
Ouch! That really hurt!
You die...

#.......#....§§§..#
#######+###########
#.#.#§#§#..§..§§§§#
##.#..§##≈§≈≈§§≈§≈#
#.#.#.#§#....§§§..#
##.#.C..#....§§.§§#
#.....#.....§.§.§§#
################C##
#)..#)..#}.#....@.#
#...#...#..#..P.P.#
##+###+##..#..P)..#
#.......+..#..P.P.#
#.#####)####......#
'.#(..'.#).#......#
#######.+..#......#
#.....#)####......#
#..#..#.#..#......#


You could see a titan.

Vanquished Creatures
  Frederick (D)
  Rupert (D)
  A lich (D)
  A deep elf master archer (D)
  Gastronok (D)
  Harold (D)
  Chuck (D)
  2 shadow dragons (D)
  A greater naga (D)
  Maud (D)
  2 deep elf annihilators (D)
  2 dire elephants (D)
  A deep elf demonologist (D)
  A deep elf high priest (D)
  A deep elf death mage (D)
  A fire dragon (D)
  Josephine (D)
  2 hydras (D)
  A naga warrior (D)
  A yaktaur captain (D)
  6 anacondas (D)
  An ogre mage (D)
  2 centaur warriors (D)
  4 dancing weapons (D)
  4 death yaks (D)
  A shock serpent (shapeshifter) (D)
  A skeletal warrior (D)
  3 death drakes (D)
  An unseen horror (D)
  A spriggan druid (D)
  A sea snake (shapeshifter) (D)
  A death drake (shapeshifter) (D)
  An obsidian statue (D)
  An orange crystal statue (D)
  A deep elf summoner (D)
  Joseph (D)
  2 ugly things (D)
  4 deep elf conjurers (D)
  An orc knight (D)
  A lindwurm (D)
  A faun (shapeshifter) (D)
  4 crystal guardians (D)
  A water nymph (shapeshifter) (D)
  5 black mambas (D)
  A guardian serpent (D)
  A molten gargoyle (D)
  2 elephants (D)
  4 statues (D)
  2 spiny frogs (D)
  A fire drake (D)
  2 deep elf priests (D)
  A komodo dragon (D)
  3 wandering mushrooms (D)
  A queen bee (D)
  4 spriggan defenders (D)
  2 giant leeches (D)
  8 blink frogs (D)
  An orc high priest (D)
  7 slime creatures (D)
  2 spriggans (D)
  3 redbacks (D)
  A shadow (D)
  A tarantella (shapeshifter) (D)
  A spatial vortex (D)
  2 nagas (D)
  A swamp drake (D)
  3 water moccasins (D)
  An orc warrior (D)
  A necrophage (D)
  5 swamp dragon skeletons (D)
  2 centaurs (D)
  An earth elemental (D)
  A water elemental (D)
  A scorpion (D)
  32 killer bees (D)
  A jelly (D)
  A wizard (D)
  5 orc priests (D)
  Jessica (D)
  A necromancer (D)
  5 orc wizards (D)
  3 humans (D)
  A kobold demonologist (D)
  5 adders (D)
  8 orcs (D)
  2 rats (D)
  3 bushes (D)
  4 plants (D)
211 creatures vanquished.

Vanquished Creatures (others)
  2 draconian scorchers (D)
  3 yaktaurs (D)
  An electric eel (D)
  An orc (D)
  5 plants (D)
12 creatures vanquished.

Grand Total: 223 creatures vanquished

Notes
Turn   | Place    | Note
--------------------------------------------------------------
     0 | D        | Kidiri the Spriggan Enchanter began the quest for the Orb.
     0 | D        | Reached XP level 1. HP: 9/9 MP: 5/5
   114 | D        | Noticed Jessica
   118 | D        | Killed Jessica
   118 | D        | Reached skill level 1 in Fighting
   118 | D        | Reached skill level 1 in Armour
   118 | D        | Reached skill level 6 in Stealth
   118 | D        | Reached XP level 2. HP: 12/14 MP: 5/7
   130 | D        | Learned a level 2 spell: Ensorcelled Hibernation
   174 | D        | Noticed a scorpion
   239 | D        | Killed a white draconian scorcher
   260 | D        | Killed a white draconian scorcher
   267 | D        | Killed a yaktaur
   280 | D        | Killed a scorpion
   280 | D        | Reached skill level 5 in Dodging
   280 | D        | Reached skill level 7 in Stealth
   280 | D        | Reached skill level 1 in Ice Magic
   280 | D        | Reached XP level 3. HP: 16/18 MP: 3/10
   280 | D        | Reached XP level 4. HP: 20/23 MP: 3/11
   285 | D        | Learned a level 3 spell: Confuse
   296 | D        | Learned a level 3 spell: Dazzling Spray
   300 | D        | Learned a level 3 spell: Tukima's Dance
   389 | D        | Gained mutation: You passively map a small area around you. [potion of mutation]
   389 | D        | Gained mutation: You can spit weak poison. [potion of mutation]
   390 | D        | Gained mutation: You can translocate small distances at will. [potion of mutation]
   390 | D        | Gained mutation: You have a pair of small antennae on your head. [potion of mutation]
   391 | D        | Gained mutation: Armour fits poorly on your strangely shaped body. [potion of mutation]
   391 | D        | Gained mutation: You possess an exceptional clarity of mind. [potion of mutation]
   391 | D        | Gained mutation: You are dopey. (Int -2) [potion of mutation]
   410 | D        | Reached skill level 8 in Stealth
   410 | D        | Reached skill level 5 in Spellcasting
   410 | D        | Reached skill level 5 in Hexes
   410 | D        | Reached XP level 5. HP: 17/26 MP: 12/14
   587 | D        | Noticed a shadow
   589 | D        | Killed a shadow
   589 | D        | Reached skill level 5 in Short Blades
   589 | D        | Reached skill level 9 in Stealth
   589 | D        | Reached skill level 1 in Conjurations
   589 | D        | Reached XP level 6. HP: 29/32 MP: 14/16
   614 | D        | Found a stormy altar of Qazlal.
   615 | D        | Found a sacrificial altar of Ru.
   615 | D        | Found a burning altar of Makhleb.
   615 | D        | Found a viscous altar of Jiyva.
   615 | D        | Found a shimmering altar of Xom.
   615 | D        | Found a shadowy altar of Dithmenos.
   615 | D        | Found a sparkling altar of Nemelex Xobeh.
   615 | D        | Found a corrupted altar of Lugonu.
   615 | D        | Found an opulent altar of Gozag.
   615 | D        | Noticed a spatial vortex
   621 | D        | Became a worshipper of Dithmenos the Shadowed
   818 | D        | Killed a spatial vortex
   818 | D        | Reached skill level 10 in Stealth
   818 | D        | Reached skill level 1 in Invocations
   923 | D        | Found a radiant altar of Vehumet.
   924 | D        | Found a deep blue altar of Sif Muna.
   924 | D        | Found an ancient bone altar of Kikubaaqudgha.
   956 | D        | Learned a level 3 spell: Passwall
   961 | D        | Learned a level 4 spell: Passage of Golubria
  1098 | D        | Found a glowing silver altar of Zin.
  1099 | D        | Found a glowing golden altar of the Shining One.
  1099 | D        | Found a white marble altar of Elyvilon.
  1099 | D        | Noticed a deep elf priest
  1101 | D        | Killed a deep elf priest
  1101 | D        | Reached * piety under Dithmenos
  1101 | D        | Reached skill level 1 in Transmutations
  1101 | D        | Reached skill level 1 in Earth Magic
  1101 | D        | Reached XP level 7. HP: 36/36 MP: 17/19
  1109 | D        | Killed a yaktaur
  1117 | D        | Found an iron altar of Okawaru.
  1118 | D        | Found a bloodstained altar of Trog.
  1118 | D        | Noticed a human
  1118 | D        | Noticed a human
  1130 | D        | Killed a human
  1130 | D        | Reached skill level 11 in Stealth
  1140 | D        | Killed a human
  1140 | D        | Reached skill level 10 in Dodging
  1140 | D        | Reached XP level 8. HP: 27/42 MP: 14/21
  1151 | D        | Learned a level 5 spell: Lee's Rapid Deconstruction
  1257 | D        | Found a snail-covered altar of Cheibriados.
  1258 | D        | Found a basalt altar of Yredelemnul.
  1258 | D        | Found a blossoming altar of Fedhas.
  1259 | D        | Reached ** piety under Dithmenos
  1282 | D        | Noticed Josephine
  1284 | D        | Killed Josephine
  1284 | D        | Reached skill level 12 in Stealth
  2126 | D        | Killed a yaktaur
  2417 | D        | Noticed a centaur warrior
  2421 | D        | Reached XP level 9. HP: 24/46 MP: 13/23
  2433 | D        | Reached *** piety under Dithmenos
  2435 | D        | Killed a centaur warrior
  2435 | D        | Reached skill level 13 in Stealth
  2435 | D        | Reached skill level 10 in Spellcasting
  2435 | D        | Reached skill level 5 in Translocations
  2435 | D        | Reached skill level 5 in Transmutations
  2617 | D        | Noticed an unseen horror
  2619 | D        | Killed an unseen horror
  2639 | D        | Reached **** piety under Dithmenos
  2784 | D        | Reached skill level 5 in Fighting
  2786 | D        | Reached ***** piety under Dithmenos
  2820 | D        | Reached XP level 10. HP: 24/51 MP: 13/25
  2844 | D        | Reached skill level 14 in Stealth
  2853 | D        | Reached ****** piety under Dithmenos
  2880 | D        | Reached skill level 10 in Short Blades
  3072 | D        | Learned a level 6 spell: Darkness
  3227 | D        | Reached skill level 5 in Ice Magic
  3383 | D        | Reached skill level 5 in Armour
  3430 | D        | Reached skill level 15 in Stealth
  3620 | D        | Noticed a lindwurm
  3623 | D        | Killed a lindwurm
  3631 | D        | Reached skill level 5 in Earth Magic
  3632 | D        | Noticed Maud
  3634 | D        | Killed Maud
  3634 | D        | Reached skill level 5 in Conjurations
  3634 | D        | Reached XP level 11. HP: 56/56 MP: 26/28
  3647 | D        | Noticed a seven-headed hydra
  3647 | D        | Noticed a six-headed hydra
  3649 | D        | Killed a seven-headed hydra
  3650 | D        | Killed a six-headed hydra
  3650 | D        | Reached skill level 16 in Stealth
  3670 | D        | Noticed a death drake
  3672 | D        | Killed a death drake
  3696 | D        | Found a blossoming altar of Fedhas.
  3696 | D        | Noticed a spriggan druid
  3698 | D        | Killed a spriggan druid
  3729 | D        | Noticed a death drake
  3731 | D        | Killed a death drake
  3830 | D        | Noticed a death drake
  3831 | D        | Found Haosiyps's Antique Weapon Emporium.
  3831 | D        | Found Aclunum's Gadget Shop.
  3832 | D        | Killed a death drake
  3832 | D        | Reached skill level 15 in Dodging
  3914 | D        | Found Hemnyimoydo's Distillery.
  3951 | D        | Reached skill level 10 in Hexes
  4251 | D        | Reached skill level 17 in Stealth
  4287 | D        | Noticed Rupert
  4298 | D        | Noticed a death yak
  4310 | D        | Killed Rupert
  4310 | D        | Reached XP level 12. HP: 20/62 MP: 7/30
  4521 | D        | Noticed an azure jelly
  4521 | D        | Noticed an azure jelly
  4543 | D        | Reached skill level 10 in Translocations
  4644 | D        | Learned a level 6 spell: Invisibility
  4646 | D        | Noticed an anaconda
  4649 | D        | Noticed an anaconda
  4652 | D        | Killed an anaconda
  4652 | D        | Reached skill level 18 in Stealth
  4659 | D        | Killed an anaconda
  4659 | D        | Reached skill level 10 in Transmutations
  4807 | D        | Learned a level 3 spell: Stone Arrow
  4918 | D        | Noticed an anaconda
  4918 | D        | Noticed an anaconda
  4922 | D        | Killed an anaconda
  4925 | D        | Killed an anaconda
  4953 | D        | Noticed an anaconda
  4953 | D        | Noticed an anaconda
  4955 | D        | Killed an anaconda
  4960 | D        | Killed an anaconda
  5056 | D        | Noticed a naga warrior
  5056 | D        | Noticed a greater naga
  5056 | D        | Found Feewnuji's Distillery.
  5056 | D        | Found Miga's Book Emporium.
  5058 | D        | Found Qonutops's Antique Weapon Shop.
  5059 | D        | Killed a greater naga
  5060 | D        | Killed a naga warrior
  5061 | D        | Reached XP level 13. HP: 67/67 MP: 27/32
  5090 | D        | Got a serpentine rune of Zot
  5167 | D        | Noticed an azure jelly
  5167 | D        | Noticed an azure jelly
  5168 | D        | Noticed a dire elephant
  5168 | D        | Noticed a dire elephant
  5168 | D        | Noticed Gastronok
  5170 | D        | Killed Gastronok
  5170 | D        | Reached skill level 19 in Stealth
  5171 | D        | Killed a dire elephant
  5171 | D        | Reached skill level 15 in Spellcasting
  5173 | D        | Killed a dire elephant
  5372 | D        | Found Cate's Armour Boutique.
  5670 | D        | Bought a potion of curing for 33 gold pieces
  5670 | D        | Bought a potion of curing for 33 gold pieces
  5820 | D        | Noticed a deep elf annihilator
  5829 | D        | Noticed a deep elf demonologist
  5874 | D        | Noticed a deep elf annihilator
  5875 | D        | Killed a deep elf annihilator
  5879 | D        | Killed a deep elf demonologist
  5881 | D        | Killed a deep elf annihilator
  5891 | D        | Noticed a deep elf master archer
  6057 | D        | Killed a deep elf master archer
  6057 | D        | Reached skill level 20 in Stealth
  6350 | D        | Got a vibrating brass ring
  6352 | D        | Got a translucent rapier {speed}
  6360 | D        | Identified the Reference Book on Displacement and Toxins
  6375 | D        | Got a transparent bronze ring
  6393 | D        | Identified the ring of Weczebaf {+Blink MR- Slay+4 SInv Stlth-} (You took it off a deep elf high priest in the Dungeon)
  6397 | D        | Identified the ring of Dishonesty {-Tele rC+ Str+3 Dex+3} (You found it in the Dungeon)
  6458 | D        | Identified the +9 rapier of the Volcano {speed, rPois Int+3 Dex-2} (You took it off a deep elf death mage in the Dungeon)
  6550 | D        | Learned a level 4 spell: Petrify
  6616 | D        | Noticed Harold
  6616 | D        | Noticed Joseph
  6618 | D        | Killed Harold
  6618 | D        | Reached skill level 15 in Short Blades
  6619 | D        | Killed Joseph
  7106 | D        | Found Zaji's Antique Armour Emporium.
  7106 | D        | Found Wiofih's Jewellery Shop.
  7106 | D        | Found Kewos's Food Boutique.
  7106 | D        | Found Ganwontoesm's Gadget Shoppe.
  7106 | D        | Found Jaupycidd's Distillery.
  7106 | D        | Found Pihaed's Gadget Emporium.
  7106 | D        | Found Wakusi's Antique Weapon Shoppe.
  7106 | D        | Found Poiker's Jewellery Shop.
  7106 | D        | Found Erhag's Food Shop.
  7106 | D        | Found Nux Quf's Gadget Emporium.
  7106 | D        | Found Kenauw's Magic Scroll Emporium.
  7106 | D        | Found Gaqoo's Book Boutique.
  7224 | D        | Reached XP level 14. HP: 74/74 MP: 24/35
  7300 | D        | Bought a potion of heal wounds for 70 gold pieces
  7300 | D        | Bought a potion of curing for 42 gold pieces
  7300 | D        | Bought a potion of magic for 112 gold pieces
  7307 | D        | Bought a scroll of identify for 24 gold pieces
  7307 | D        | Bought a scroll of identify for 24 gold pieces
  7307 | D        | Bought a scroll of identify for 24 gold pieces
  7307 | D        | Bought a scroll of identify for 24 gold pieces
  7307 | D        | Bought a scroll of identify for 24 gold pieces
  7895 | D        | Noticed Mara
  8006 | D        | Reached skill level 21 in Stealth
  8672 | D        | Noticed Chuck
  8691 | D        | Killed Chuck
  8822 | D        | Noticed Frederick
  9173 | D        | Killed Frederick
  9317 | D        | Noticed a lich
  9320 | D        | Killed a lich
  9320 | D        | Reached skill level 22 in Stealth
  9327 | D        | Noticed a shadow dragon
  9333 | D        | Noticed a shadow dragon
  9335 | D        | Killed a shadow dragon
  9595 | D        | Killed a shadow dragon
  9628 | D        | Reached skill level 10 in Earth Magic
  9762 | D        | Noticed a golden dragon
  9763 | D        | Noticed a titan
  9763 | D        | Noticed a quicksilver dragon
  9763 | D        | Noticed a golden dragon
  9763 | D        | Noticed a titan
  9763 | D        | Noticed a quicksilver dragon
  9763 | D        | Noticed a golden dragon
  9763 | D        | Noticed a fire giant
  9969 | D        | Demolished by a titan

Vault maps used:
D:        dungeon_sprint_mu

Action                   |  1- 3 |  4- 6 |  7- 9 | 10-12 | 13-15 || total
-------------------------+-------+-------+-------+-------+-------++-------
Melee: Dagger            |    11 |    27 |   168 |   189 |    37 ||   432
       Rapier            |       |       |       |       |   191 ||   191
 Cast: Ensorcelled Hiber |     3 |     3 |    25 |    31 |     9 ||    71
       Dazzling Spray    |       |    13 |    51 |    29 |    58 ||   151
       Confuse           |       |       |     5 |    11 |     7 ||    23
       Corona            |       |       |       |     1 |       ||     1
       Tukima's Dance    |       |       |       |     1 |       ||     1
       Lee's Rapid Decon |       |       |       |       |    40 ||    40
       Passage of Golubr |       |       |       |       |     7 ||     7
       Stone Arrow       |       |       |       |       |    13 ||    13
       Invisibility      |       |       |       |       |     7 ||     7
       Passwall          |       |       |       |       |     2 ||     2
       Darkness          |       |       |       |       |     1 ||     1
Invok: Shadow Step       |       |       |       |    14 |    13 ||    27
  Use: Potion            |       |     4 |     4 |     3 |     3 ||    14
       Scroll            |       |     2 |       |       |     6 ||     8
 Stab: Sleeping          |     3 |     4 |    16 |    61 |    40 ||   124
       Invisible         |       |     2 |     3 |     8 |    11 ||    24
       Confused          |       |       |     3 |     6 |     2 ||    11
       Distracted        |       |       |       |       |     1 ||     1
  Eat: Bread ration      |       |       |     1 |       |       ||     1
       Fruit             |       |       |       |       |     8 ||     8
       Royal jelly       |       |       |       |       |     1 ||     1
